[Event "Early-Titled-Tuesday-Blitz-August-29-2023"]
[Site "Chess.com"]
[Date "2023.08.29"]
[Round "6"]
[White "carokannlover213"]
[Black "M1711"]
[Result "0-1"]
[WhiteElo "2702"]
[BlackElo "2560"]
[TimeControl "180+1"]
[EndTime "9:05:37 PDT"]
[Termination "M1711 won on time"]

1. c4 c6 2. Nf3 Nf6 3. b3 d5 4.
e3 Bg4 5. Bb2 Nbd7 6. Be2 e6 7.
O-O Bd6 8. d4 O-O 9. Ne5 Bxe2 10. Qxe2 a5 11. a3 Qc7 12. f4 Ne4 13. Nd2 Nxd2 14. Qxd2 f6 15. Nd3 a4 16. c5 Be7 17.
b4 b5 18. cxb6 Nxb6 19. Bc3 Bd6 20. Qe2 Rfe8 21. Rfc1 Re7 22. Qf3 Rae8 23. Re1 Nc4 24. Nb2 Nxb2 25. Bxb2 e5 26. fxe5 fxe5 27. h3 e4 28. Qe2 Qd8 29. Rf1 Bc7 30. Kf2 Rf7+ 31. Ke1 Ref8 32. Rxf7 Rxf7 33. Kd2 Qf6 34. Kc3 Qf2 35.
Re1 Bg3 36. Qxf2 Rxf2 37. Rg1 Re2 38. Bc1 Be1+ 0-1

[Event "Early-Titled-Tuesday-Blitz-August-29-2023"]
[Site "Chess.com"]
[Date "2023.08.29"]
[Round "6"]
[White "OparinGrigoriy"]
[Black "LiamPutnam2008"]
[Result "1-0"]
[WhiteElo "2978"]
[BlackElo "2804"]
[TimeControl "180+1"]
[EndTime "9:05:40 PDT"]
[Termination "OparinGrigoriy won by resignation"]

1. Nf3 Nf6 2. g3 g6 3. Bg2 Bg7 4. c4 O-O 5. Nc3 d6 6. d4 Nbd7 7. O-O e5 8. e4 Re8 9. Qc2 c6 10. Rd1 exd4 11. Nxd4 Qa5 12. Nb3 Qc7 13. Bf4 Ne5 14.
c5 dxc5 15. Nxc5 Bg4 16. Rd2 h6 17. h3 Bc8 18. Nd3 Nfd7 19. Nb5 Qb8 20. Nxe5 Bxe5 21. Nd6 Re6 22. Rad1 Nf8 23. Bxe5 Rxe5 24. f4 Re7 25. f5 Qc7 26. Qc3 Bd7 27. g4 Be8 28.
e5 Rd8 29. Kh1 Nd7 30. e6 fxe6 31. f6 Rh7 32. Qe3 Nxf6 33. Qxe6+ Kg7 34. Nxe8+ Rxe8 35.
Rd7+ Nxd7 36. Rxd7+ Kh8 1-0

[Event "Early-Titled-Tuesday-Blitz-August-29-2023"]
[Site "Chess.com"]
[Date "2023.08.29"]
[Round "6"]
[White "Aemulus20"]
[Black "FREDERICKtheMATE"]
[Result "0-1"]
[WhiteElo "2639"]
[BlackElo "2480"]
[TimeControl "180+1"]
[EndTime "9:05:46 PDT"]
[Termination "FREDERICKtheMATE won on time"]

1. e4 e6 2. d4 d5 3. e5 c5 4.
c3 Nc6 5. Nf3 Qb6 6. Bd3 Bd7 7.
O-O cxd4 8. Re1 h6 9. h4 dxc3 10. Nxc3 Bc5 11. Na4 Qa5 12. Nxc5 Qxc5 13. Be3 Qa5 14.
a3 Nge7 15. b4 Qc7 16. Rc1 a6 17. Nd4 Qd8 18. Qg4 Kf8 19. Nxc6 Nxc6 20. Bc5+ Kg8 21. Re3 h5 22. Qf4 g6 23. Rg3 Kg7 24. Re1 Be8 25.
Ree3 Nb8 26. Ref3 Nd7 27. Bd6 Rc8 28. Qd4 Qb6 29. Qf4 Qc6 30. Be7 Qc1+ 31. Kh2 Qxf4 32. Rxf4 b5 33. a4 bxa4 34. Bxa6 Ra8 35. b5 Kh7 36.
Bd6 Nb6 37. Rgf3 Nc4 38. Rxf7+ Bxf7 39. Rxf7+ Kh6 40. Be7 g5 41. Bxg5+ Kg6 42. Rf6+ Kg7 43. Rxe6 Rhe8 44. Bf6+ Kf7 45. Rc6 a3 46. Rc7+ Kg6 47. Rg7+ Kf5 48. Bb7 a2 49. Bxd5 Nxe5 0-1

[Event "Early-Titled-Tuesday-Blitz-August-29-2023"]
[Site "Chess.com"]
[Date "2023.08.29"]
[Round "6"]
[White "mistrzemi"]
[Black "campochess"]
[Result "0-1"]
[WhiteElo "2400"]
[BlackElo "2198"]
[TimeControl "180+1"]
[EndTime "9:05:46 PDT"]
[Termination "campochess won by resignation"]

1. e4 c5 2. Nc3 Nc6 3. f4 e6 4.
Nf3 a6 5. d3 Nf6 6. g3 d5 7. e5 Ng4 8. Bg2 g6 9. O-O Be7 10. h3 Nh6 11. Ne2 Nf5 12. c3 O-O 13.
d4 cxd4 14. cxd4 Qb6 15. g4 Nfxd4 16. Nexd4 Bc5 17. Be3 Qxb2 18. Qc1 Bxd4 19. Bxd4 Qb5 20. Bc5 Rd8 21. Nd4 Qa4 22. Qe3 Bd7 23. Bf3 Rdc8 24. Rfc1 Na5 25. Bd1 Nc4 26. Bxa4 Nxe3 27. Bxd7 Rc7 28. Nxe6 Rxd7 29. Bxe3 fxe6 30. Bd4 Rf8 31.
Rf1 Rc7 32. Kg2 Rc4 33. Rad1 Rfc8 34. Rd2 Ra4 35. Rff2 Rcc4 36. Be3 Re4 37. Bb6 g5 38. fxg5 Rxe5 39. Bc7 Rxg5 40. Rf6 Re4 41. Rdf2 h5 42. Rf8+ Kh7 43. R2f7+ Rg7 44. Bg3 hxg4 45. hxg4 Rxg4 46. Rxg7+ Kxg7 47. Rb8 Rb4 48. Rxb7+ Rxb7 0-1

[Event "Early-Titled-Tuesday-Blitz-August-29-2023"]
[Site "Chess.com"]
[Date "2023.08.29"]
[Round "6"]
[White "Iskusnyh"]
[Black "masterofpuppets2"]
[Result "1-0"]
[WhiteElo "2635"]
[BlackElo "2456"]
[TimeControl "180+1"]
[EndTime "9:05:47 PDT"]
[Termination "Iskusnyh won by resignation"]

1. d4 Nf6 2. c4 g6 3. g3 Bg7 4.
Bg2 O-O 5. Nc3 d6 6. Nf3 Nc6 7.
d5 Nb4 8. O-O a5 9. e4 c6 10.
Re1 cxd5 11. exd5 Bd7 12. Nd4 Rc8 13. b3 Ng4 14. Nce2 Ne5 15. Be3 Nbd3 16. Rf1 Nc5 17. h3 Be8 18. Rb1 Ned7 19. Qd2 Nf6 20. Nc3 Bd7 21.
Bh6 Re8 22. Bxg7 Kxg7 23. Rfe1 Qb6 24. a3 Na6 25. Bf1 Kg8 26. Kh2 Kg7 27. Ne4 Nc5 28. Nxc5 Qxc5 29. b4 axb4 30. axb4 Qb6 31. Rec1 Qc7 32.
Bg2 Ra8 33. c5 Rec8 34. c6 Be8 35. b5 Qb6 36. Qe3 Kf8 37. Ne6+ 1-0

[Event "Early-Titled-Tuesday-Blitz-August-29-2023"]
[Site "Chess.com"]
[Date "2023.08.29"]
[Round "6"]
[White "VOneChess"]
[Black "zozik"]
[Result "0-1"]
[WhiteElo "2074"]
[BlackElo "2364"]
[TimeControl "180+1"]
[EndTime "9:05:47 PDT"]
[Termination "zozik won on time"]

1. e4 e6 2. d4 d5 3. Nd2 c5 4. Ngf3 cxd4 5. exd5 Qxd5 6. Bc4 Qd6 7. O-O Nf6 8. Nb3 Nc6 9. Nbxd4 Nxd4 10. Nxd4 a6 11. Re1 Qc7 12. Qe2 Bd6 13. Nf5 Bxh2+ 14. Kh1 O-O 15.
Nxg7 Kxg7 16. Qf3 Ng8 17. Qg4+ Kh8 18. g3 Bxg3 19. fxg3 e5 20. Qh4 f6 21. Be3 Ne7 22.
Rad1 Nf5 23. Bb6 Qxb6 24. Qh2 Qc7 25. Bd3 b5 26. Rf1 Bb7+ 27. Kg1 Qc5+ 28. Rf2 e4 29. Be2 Qe5 30. Rd7 Qxg3+ 31. Rg2 Qxh2+ 32. Rxh2 Rg8+ 33. Kf1 Rg7 0-1

[Event "Early-Titled-Tuesday-Blitz-August-29-2023"]
[Site "Chess.com"]
[Date "2023.08.29"]
[Round "6"]
[White "Flaccidmoves"]
[Black "IljaZaragatski"]
[Result "1-0"]
[WhiteElo "2491"]
[BlackElo "2609"]
[TimeControl "180+1"]
[EndTime "9:05:48 PDT"]
[Termination "Flaccidmoves won on time"]

1. e4 d6 2. d4 Nf6 3. Nc3 e5 4. Nf3 Nbd7 5. Bc4 Be7 6. O-O Nb6 7. Bb3 exd4 8. Qxd4 O-O 9. Bg5 Nfd7 10. Bxe7 Qxe7 11.
Rfe1 Re8 12. a4 a5 13. Nb5 Nc5 14. Rad1 Bg4 15. Re3 Rad8 16. h3 Bh5 17. Rde1 c6 18. Nc3 Nbd7 19. Ba2 Ne5 20. Nd2 Ned7 21. f4 h6 22. Nc4 Nf8 23. Nxa5 Nfe6 24. Qd2 Nxf4 25. Rg3 Qh4 26. Qf2 d5 27. Rxg7+ Kxg7 28. Qxh4 Nce6 29. exd5 cxd5 30. Nxb7 Rb8 31. Nd6 Red8 32. Nf5+ Kg6 33. Ne7+ Kg7 34. Ncxd5 Rxb2 35. Nxf4 Nxf4 36. Qxf4 Rxa2 37.
Nf5+ Kg8 38. Qxh6 1-0

[Event "Early-Titled-Tuesday-Blitz-August-29-2023"]
[Site "Chess.com"]
[Date "2023.08.29"]
[Round "6"]
[White "hakanazeri2"]
[Black "laskakid"]
[Result "1-0"]
[WhiteElo "2700"]
[BlackElo "2163"]
[TimeControl "180+1"]
[EndTime "9:05:48 PDT"]
[Termination "hakanazeri2 won by checkmate"]

1. Nf3 Nf6 2. c4 g6 3. Nc3 Bg7 4. e4 d6 5. d4 O-O 6. Be2 e5 7. O-O Nc6 8. d5 Ne7 9. b4 a5 10. Ba3 axb4 11. Bxb4 b6 12. a4 Ne8 13. a5 c5 14.
dxc6 Nxc6 15. Nd5 bxa5 16. Bc3 Be6 17. Qa4 Bd7 18. Qa3 Nd4 19. Nxd4 exd4 20. Bxa5 Qh4 21. Qd3 f5 22. Bf3 Nf6 23. exf5 Bxf5 24. Ne7+ Kh8 25. Nxf5 gxf5 26. Bxa8 Rxa8 27. Bb6 Rb8 28. Bxd4 Ng4 29. Bxg7+ Kxg7 30. Ra7+ Kg6 31. Qxd6+ Kg5 32. Rg7+ Kh5 33. Rxh7+ Kg5 34. f4# 1-0

[Event "Early-Titled-Tuesday-Blitz-August-29-2023"]
[Site "Chess.com"]
[Date "2023.08.29"]
[Round "6"]
[White "chessajedrezz2020"]
[Black "Veleamater"]
[Result "1-0"]
[WhiteElo "2670"]
[BlackElo "2320"]
[TimeControl "180+1"]
[EndTime "9:05:48 PDT"]
[Termination "chessajedrezz2020 won by checkmate"]

1. Nf3 d6 2. d4 g6 3. e4 Bg7 4. Nc3 h6 5. Bc4 Nf6 6. e5 dxe5 7. Nxe5 e6 8. Be3 O-O 9. Qd2 Kh7 10. O-O-O Nbd7 11. Qe2 Nb6 12. Bd3 Nfd5 13. Bd2 Nxc3 14. Bxc3 f5 15. Kb1 c6 16. g4 Nd5 17. Bd2 Bxe5 18. dxe5 b5 19. h4 Qe8 20. f4 Qf7 21. h5 g5 22. fxg5 hxg5 23. Bxg5 Rg8 24. Bd2 Kh8 25. g5 f4 26. g6 Qe7 27. h6 f3 28.
g7+ Rxg7 29. hxg7+ Kxg7 30. Rh7+ Kf8 31. Qxf3+ Ke8 32.
Rxe7+ Nxe7 33. Bb4 Nd5 34. Qf8+ Kd7 35. Qd6+ Ke8 36.
Bg6# 1-0

[Event "Early-Titled-Tuesday-Blitz-August-29-2023"]
[Site "Chess.com"]
[Date "2023.08.29"]
[Round "6"]
[White "cool64chess"]
[Black "Diaschess88"]
[Result "1-0"]
[WhiteElo "2526"]
[BlackElo "2634"]
[TimeControl "180+1"]
[EndTime "9:05:49 PDT"]
[Termination "cool64chess won by resignation"]

1. d4 Nf6 2. c4 g6 3. Nc3 d5 4. cxd5 Nxd5 5. e4 Nxc3 6. bxc3 Bg7 7. Bc4 c5 8. Ne2 O-O 9. O-O Nc6 10. Be3 b6 11.
Qd2 Bb7 12. Rfd1 Na5 13. Bd3 e6 14. Rac1 Qc7 15. Bf4 e5 16. Bh6 Rad8 17. Bxg7 Kxg7 18.
d5 f5 19. exf5 Bxd5 20. fxg6 c4 21. Bb1 Bxg2 22. Qg5 Rxd1+ 23. Rxd1 Bf3 24. gxh7+ Kh8 25. Re1 e4 26. Ng3 Qxh7 27. Bxe4 Qg7 28. Qh4+ Kg8 29. Bxf3 Rxf3 30. Qd8+ Rf8 31. Qd5+ Kh8 32. Re4 Qh6 33.
Qe5+ Kh7 34. Qe7+ Kh8 35. Rh4 Qxh4 36. Qxh4+ Kg7 37. Qd4+ Kf7 38. h4 Rc8 39. Qd7+ 1-0

[Event "Early-Titled-Tuesday-Blitz-August-29-2023"]
[Site "Chess.com"]
[Date "2023.08.29"]
[Round "6"]
[White "ATM622"]
[Black "Onthequiet"]
[Result "0-1"]
[WhiteElo "2483"]
[BlackElo "2386"]
[TimeControl "180+1"]
[EndTime "9:05:49 PDT"]
[Termination "Onthequiet won on time"]

1. d4 b6 2. c4 Bb7 3. Nc3 e6 4. e4 Bb4 5. f3 Bxc3+ 6. bxc3 Ne7 7. Bd3 d6 8. Nh3 Nd7 9. O-O c5 10. a4 h6 11. Re1 Nc6 12. Bf4 e5 13. d5 Na5 14. Bg3 Ba6 15. Qe2 g5 16. Nf2 Nf8 17. Ng4 Ng6 18. Ne3 Nf4 19. Bxf4 gxf4 20. Nf5 Kd7 21. Kh1 Qf6 22. Rg1 Rag8 23. g4 fxg3 24. hxg3 Rg6 25. Kg2 Rhg8 26. Kf2 Kc7 27. Rh1 Bc8 28. g4 Qg5 29. Qe3 Bxf5 30. exf5 Qxe3+ 31. Kxe3 Rf6 32. Rh5 e4 33. Kxe4 Re8+ 34. Kf4 a6 35.
Rah1 b5 36. g5 hxg5+ 37. Kxg5 Re3 38. Kxf6 Rxd3 39. axb5 axb5 40. cxb5 Rxc3 41. Kxf7 Rxf3 42. f6 Nc4 43. Kg7 Rg3+ 44. Kf8 Ne5 45. f7 Nd7+ 46.
Ke7 Re3+ 0-1

[Event "Early-Titled-Tuesday-Blitz-August-29-2023"]
[Site "Chess.com"]
[Date "2023.08.29"]
[Round "6"]
[White "imdvb6307"]
[Black "Henryk_S"]
[Result "1-0"]
[WhiteElo "2385"]
[BlackElo "2128"]
[TimeControl "180+1"]
[EndTime "9:05:49 PDT"]
[Termination "imdvb6307 won on time"]

1. c4 c6 2. Nf3 d5 3. g3 Nf6 4.
Bg2 Bf5 5. O-O e6 6. b3 h6 7. d3 Nbd7 8. Bb2 Be7 9. Qc2 Bh7 10. Nc3 O-O 11. Rad1 a5 12. e4 Nc5 13. cxd5 cxd5 14. e5 Nfd7 15. Qe2 Qb6 16. d4 Ne4 17. Na4 Qa6 18.
Qxa6 Rxa6 19. Rc1 Rc6 20. Rxc6 bxc6 21.
Rd1 Rc8 22. Nd2 Nxd2 23. Rxd2 c5 24. Bf1 cxd4 25. Bxd4 Bb4 26. Rd1 Bc2 27. Rc1 Ba3 28.
Nb2 Bxb2 29. Bxb2 Nb6 30. Ba6 Ra8 31. Rxc2 Rxa6 32. Rc6 Kf8 33. Bd4 1-0

[Event "Early-Titled-Tuesday-Blitz-August-29-2023"]
[Site "Chess.com"]
[Date "2023.08.29"]
[Round "6"]
[White "Elsa167"]
[Black "Sadykov_Ramil"]
[Result "1-0"]
[WhiteElo "2878"]
[BlackElo "2631"]
[TimeControl "180+1"]
[EndTime "9:05:50 PDT"]
[Termination "Elsa167 won on time"]

1. d4 d5 2. c4 e6 3. Nf3 Nf6 4. Nc3 Be7 5. g3 O-O 6. Bg2 c6 7. O-O Nbd7 8. Qd3 b6 9. e4 Ba6 10. b3 Rc8 11. e5 dxc4 12. bxc4 Nd5 13. Ne4 c5 14. Qb3 Nb4 15. Ba3 Nc6 16. dxc5 Nxc5 17. Bxc5 Bxc5 18. Rfd1 Qc7 19. Nxc5 bxc5 20. Qc3 Rfd8 21.
h4 h6 22. h5 Rb8 23. Rac1 Rxd1+ 24. Rxd1 Qa5 25. Qxa5 Nxa5 26. Rd7 Bxc4 27. Rxa7 Nc6 28. Rc7 Nb4 29. a3 Nc2 30. Nd2 Bd3 31. Rxc5 Rd8 32. a4 1-0

[Event "Early-Titled-Tuesday-Blitz-August-29-2023"]
[Site "Chess.com"]
[Date "2023.08.29"]
[Round "6"]
[White "ValentunHulka"]
[Black "platy3"]
[Result "0-1"]
[WhiteElo "2752"]
[BlackElo "2926"]
[TimeControl "180+1"]
[EndTime "9:05:53 PDT"]
[Termination "platy3 won by resignation"]

1. e4 c5 2. Nf3 e6 3. g3 b6 4. Bg2 Bb7 5. Qe2 d6 6. d3 Nd7 7. O-O Ngf6 8. c3 Be7 9. Nbd2 O-O 10.
Re1 b5 11. d4 cxd4 12. cxd4 Qb6 13. e5 dxe5 14. dxe5 Nd5 15. Ne4 Nc5 16. Nxc5 Bxc5 17. Bd2 b4 18. Rac1 Ba6 19. Qe4 Bxf2+ 20. Kh1 Bxe1 21.
Rxe1 h6 22. Bxh6 gxh6 23. Qg4+ Kh8 24. Qh4 Bd3 25. Qxh6+ Kg8 26. h4 f6 27. Rd1 Be4 28.
Ng5 Bxg2+ 29. Kxg2 Qb7 30. Rxd5 fxg5 31. Qxe6+ Qf7 32.
Qd6 Qf1+ 0-1

[Event "Early-Titled-Tuesday-Blitz-August-29-2023"]
[Site "Chess.com"]
[Date "2023.08.29"]
[Round "6"]
[White "HackWithBlack"]
[Black "aghasiyevkamal"]
[Result "0-1"]
[WhiteElo "2366"]
[BlackElo "2503"]
[TimeControl "180+1"]
[EndTime "9:05:53 PDT"]
[Termination "aghasiyevkamal won on time"]

1. d4 Nf6 2. c4 e6 3. Nf3 Bb4+ 4.
Bd2 Qe7 5. e3 Bxd2+ 6. Qxd2 d6 7. Nc3 e5 8. O-O-O O-O 9. dxe5 dxe5 10. Nd5 Nxd5 11. cxd5 Bf5 12. Qc3 Nd7 13. Nd2 c6 14. e4 cxd5 15. exf5 Rac8 16. Nc4 dxc4 17. Kb1 Nb6 18.
Be2 Na4 19. Qc2 c3 20. b3 Nb2 21. Rd5 Rfd8 22. Bf3 Rxd5 23. Bxd5 b5 24. Re1 Qd6 25. Be4 b4 26. g4 Rd8 27. g5 Qb6 28. g6 Rd2 29.
gxf7+ Kxf7 30. Qc1 Qa6 31. Re3 Nd3 0-1

[Event "Early-Titled-Tuesday-Blitz-August-29-2023"]
[Site "Chess.com"]
[Date "2023.08.29"]
[Round "6"]
[White "IM_Tissir"]
[Black "MikeSailer"]
[Result "1-0"]
[WhiteElo "2489"]
[BlackElo "2176"]
[TimeControl "180+1"]
[EndTime "9:05:54 PDT"]
[Termination "IM_Tissir won on time"]

1. e4 d5 2. Nc3 dxe4 3. Nxe4 Qd5 4. Ng3 h5 5. h3 h4 6. N3e2 Nc6 7. Nf3 Bf5 8. Nc3 Qe6+ 9. Be2 O-O-O 10. d3 Nf6 11. Ng5 Qe5 12. Nxf7 Qa5 13. Nxh8 e5 14. Nf7 Rd7 15.
Ng5 Bb4 16. O-O Nd4 17. Nf3 Ne6 18. Bd2 g5 19. Nxg5 Rg7 20. Nxe6 Bxe6 21. Kh1 Qb6 22. Ne4 Bxd2 23. Qxd2 Nd5 24. Qh6 Rg8 25. c4 Nf4 26.
Bf3 Qd6 27. Nxd6+ 1-0

[Event "Early-Titled-Tuesday-Blitz-August-29-2023"]
[Site "Chess.com"]
[Date "2023.08.29"]
[Round "6"]
[White "topin8"]
[Black "AlexandraSamaganova"]
[Result "1-0"]
[WhiteElo "2477"]
[BlackElo "2348"]
[TimeControl "180+1"]
[EndTime "9:05:56 PDT"]
[Termination "topin8 won on time"]

1. e4 c5 2. Nf3 e6 3. c3 Nf6 4.
e5 Nd5 5. d4 cxd4 6. cxd4 d6 7.
Bc4 Nc6 8. O-O Be7 9. Nbd2 O-O 10. Re1 Bd7 11. Ne4 dxe5 12. dxe5 Rc8 13. a3 Na5 14. Bd3 b5 15. Bg5 Nc4 16. Bxc4 Rxc4 17. Bxe7 Qxe7 18.
Nd6 Rc5 19. Qd4 Rc7 20. Rac1 Bc6 21. Rc2 Rb8 22. Rec1 Ba8 23. Rxc7 Nxc7 24. Qxa7 Rc8 25. Nxc8 Qd7 26. Qxc7 Qxc7 27. Rxc7 1-0

[Event "Early-Titled-Tuesday-Blitz-August-29-2023"]
[Site "Chess.com"]
[Date "2023.08.29"]
[Round "6"]
[White "Agibileg"]
[Black "xamax2000"]
[Result "0-1"]
[WhiteElo "2621"]
[BlackElo "2862"]
[TimeControl "180+1"]
[EndTime "9:05:57 PDT"]
[Termination "xamax2000 won by resignation"]

1. d4 Nf6 2. c4 e6 3. Nc3 d5 4. cxd5 exd5 5. Bg5 c6 6. e3 Bd6 7. Bd3 O-O 8. Nge2 Re8 9. Qc2 h6 10. Bh4 a5 11. h3 Na6 12. a3 Nc7 13. O-O Ne6 14. f3 Ng5 15. e4 Nfxe4 16. fxe4 Nxh3+ 17. gxh3 Qxh4 18. e5 Rxe5 19. Bh7+ Kh8 20. dxe5 Bc5+ 21. Nd4 Bxd4+ 22. Kh1 Bxh3 23. Qh2 Bxe5 24. Qxe5 Bxf1+ 25. Kg1 Bh3 26. Bd3 f6 27. Qe2 d4 28. Re1 Qg3+ 29.
Kh1 Bg2+ 30. Qxg2 Qxe1+ 31. Kh2 dxc3 32. Qg6 Qh4+ 33. Kg2 Qg5+ 34. Qxg5 hxg5 35. bxc3 Rd8 0-1

[Event "Early-Titled-Tuesday-Blitz-August-29-2023"]
[Site "Chess.com"]
[Date "2023.08.29"]
[Round "6"]
[White "Casper"]
[Black "leopato"]
[Result "0-1"]
[WhiteElo "2392"]
[BlackElo "2151"]
[TimeControl "180+1"]
[EndTime "9:05:57 PDT"]
[Termination "leopato won by checkmate"]

1. e4 c5 2. d4 cxd4 3. Qxd4 Nc6 4. Qe3 Nf6 5. Nc3 e6 6. Bd2 Bb4 7. O-O-O O-O 8. g4 d5 9. exd5 exd5 10. Qg3 Bxg4 11.
Be2 Bf5 12. Nf3 d4 13. Nb5 Bxd2+ 14. Rxd2 Ne4 15. Qf4 Nxd2 16. Qxf5 Nxf3 17. Bxf3 a6 18. Na3 Re8 19. Nc4 g6 20. Qf4 Qb8 21. Qh6 Ne7 22. Be4 b5 23. Na5 Ra7 24. h4 Qe5 25. f3 Nf5 26. Qd2 Ng3 27. Re1 Rc7 28. h5 Ree7 29. hxg6 hxg6 30. Qh6 Nxe4 31. Rxe4 Qf6 32. Rh4 Qg7 33.
Qd2 Re3 34. Rxd4 Rce7 35. c3 Re1+ 36. Kc2 R7e2 37. Rd8+ Kh7 38. Nb3 Rxd2+ 39. Nxd2 Qe5 40. Ne4 Rxe4 41. fxe4 Qxe4+ 42. Kb3 Qa4# 0-1

[Event "Early-Titled-Tuesday-Blitz-August-29-2023"]
[Site "Chess.com"]
[Date "2023.08.29"]
[Round "6"]
[White "Road2GM3000"]
[Black "C_K_G"]
[Result "1-0"]
[WhiteElo "2431"]
[BlackElo "2004"]
[TimeControl "180+1"]
[EndTime "9:05:58 PDT"]
[Termination "Road2GM3000 won on time"]

1. d4 d5 2. c4 e6 3. Nc3 Nf6 4. cxd5 exd5 5. Bg5 Be7 6. e3 b6 7. Bd3 Bb7 8. Nf3 O-O 9. O-O h6 10. Bh4 c5 11. Rc1 Nc6 12. Bb1 cxd4 13. exd4 Re8 14. a3 Ne4 15. Nxe4 dxe4 16. Bxe4 Bxh4 17. Bxc6 Bxc6 18.
Rxc6 Qd5 19. Qc2 Bf6 20. Rd1 Bxd4 21. h3 Re4 22. Rc8+ Rxc8 23. Qxc8+ Kh7 24. Qc2 g6 25.
Qd3 Bxf2+ 26. Kxf2 Qc5+ 27. Kf1 Re6 28. Qd4 Qb5+ 29.
Kg1 Qf5 30. Qd5 Qf6 31. Rf1 Re7 32. h4 1-0

[Event "Early-Titled-Tuesday-Blitz-August-29-2023"]
[Site "Chess.com"]
[Date "2023.08.29"]
[Round "6"]
[White "BilodeauA"]
[Black "Iball95"]
[Result "0-1"]
[WhiteElo "2916"]
[BlackElo "2783"]
[TimeControl "180+1"]
[EndTime "9:05:59 PDT"]
[Termination "Iball95 won by resignation"]

1. d4 d5 2. Nc3 Nf6 3. Bf4 c5 4. e3 cxd4 5. exd4 Bg4 6. Be2 Bxe2 7. Qxe2 a6 8. Nf3 e6 9. O-O Nc6 10. Rad1 Bd6 11. Ne5 O-O 12. Bg3 Rc8 13. Rfe1 b5 14. a3 Qc7 15. Rd3 Nd7 16. Nxd7 Qxd7 17. Qh5 Ne7 18.
Be5 Bxe5 19. Rxe5 Ng6 20. Rh3 h6 21. Rg5 Rfe8 22. Rg4 e5 23. Re3 Nf4 24. Qh4 exd4 25. Rxe8+ Rxe8 26. f3 dxc3 27. Rxf4 g5 28. Qg3 cxb2 29.
Rb4 Qa7+ 30. Kh1 Qe3 31. h4 Qe1+ 32. Kh2 b1=Q 33. Rxb1 Qxb1 34. hxg5 Qb2 35. gxh6+ Kh8 36. f4 Qf6 0-1

[Event "Early-Titled-Tuesday-Blitz-August-29-2023"]
[Site "Chess.com"]
[Date "2023.08.29"]
[Round "6"]
[White "tteshan"]
[Black "MBA_CHESS_2021"]
[Result "0-1"]
[WhiteElo "2575"]
[BlackElo "2306"]
[TimeControl "180+1"]
[EndTime "9:05:59 PDT"]
[Termination "MBA_CHESS_2021 won by resignation"]

1. d4 d5 2. c4 c6 3. Nc3 Nf6 4. e3 g6 5. Nf3 Bg7 6. cxd5 cxd5 7. Be2 O-O 8. O-O Nc6 9. Bd2 a6 10. Rc1 Bg4 11. h3 Bf5 12. Na4 Ne4 13. Be1 Rc8 14.
Nd2 e5 15. Nxe4 Bxe4 16. dxe5 Bxe5 17. Bc3 Bb8 18. b3 b5 19. Nb2 b4 20. Bd4 Nxd4 21. Qxd4 Qg5 22. Bg4 f5 23. f4 Qe7 24.
Be2 Ba7 25. Qd2 a5 26. Kh1 Qf6 27. Nd3 Rc3 28. Ne5 Bxe3 29. Rxc3 Bxd2 30. Rc6 Qh4 31. Kh2 Bxf4+ 0-1

[Event "Early-Titled-Tuesday-Blitz-August-29-2023"]
[Site "Chess.com"]
[Date "2023.08.29"]
[Round "6"]
[White "Rud_Makarian"]
[Black "Dedic8"]
[Result "1-0"]
[WhiteElo "3024"]
[BlackElo "2839"]
[TimeControl "180+1"]
[EndTime "9:06:02 PDT"]
[Termination "Rud_Makarian won by resignation"]

1. d4 Nf6 2. c4 e6 3. Nf3 d5 4. g3 Bb4+ 5. Bd2 Be7 6. Qc2 O-O 7. Bg2 c6 8. O-O b6 9. Bf4 Bb7 10. Nbd2 Nh5 11. e3 Nd7 12. cxd5 exd5 13. h4 Nxf4 14. exf4 c5 15. Nb1 Bf6 16. Rd1 cxd4 17. Nxd4 Nc5 18. Nc3 Rc8 19. Qd2 Re8 20. Rac1 a6 21. Nf5 Bxc3 22. Qxc3 Ne6 23. Qa3 Rxc1 24. Rxc1 Nc5 25.
Qc3 Ne6 26. Qe5 Ba8 27. h5 h6 28. Qd6 Qf6 29. Qd7 Rf8 30. Ne7+ Kh8 31. Rc8 Qxe7 32. Qxe7 Rxc8 33. Qxf7 Nc5 34. Bxd5 1-0

[Event "Early-Titled-Tuesday-Blitz-August-29-2023"]
[Site "Chess.com"]
[Date "2023.08.29"]
[Round "6"]
[White "Beltraxtor"]
[Black "jcibarra"]
[Result "0-1"]
[WhiteElo "2650"]
[BlackElo "2884"]
[TimeControl "180+1"]
[EndTime "9:06:02 PDT"]
[Termination "jcibarra won on time"]

1. e4 c5 2. Nf3 e6 3. c3 Nf6 4.
e5 Nd5 5. d4 cxd4 6. cxd4 d6 7.
Bc4 Be7 8. O-O O-O 9. Qe2 Nc6 10. Qe4 Bd7 11. a3 Rc8 12. Bd3 f5 13. exf6 Nxf6 14. Qe2 Qe8 15. Nc3 d5 16. Re1 Bd6 17. Nb5 Bb8 18. Ne5 a6 19. Nxc6 bxc6 20. Nc3 a5 21. Na4 e5 22. dxe5 Ng4 23. e6 Bxh2+ 24. Kf1 Nxf2 25.
Qxf2 Bg3 26. Be3 Bxf2 27. Bxf2 Bxe6 28. Nc5 Qf7 29. Re2 Bf5 30. Rae1 Bxd3 31. Nxd3 Rce8 32.
Rxe8 Rxe8 33. Rc1 Qf5 34. Rc3 Re3 35. Nc5 Qb1+ 0-1

[Event "Early-Titled-Tuesday-Blitz-August-29-2023"]
[Site "Chess.com"]
[Date "2023.08.29"]
[Round "6"]
[White "baki83"]
[Black "Actuary44"]
[Result "1-0"]
[WhiteElo "2842"]
[BlackElo "2513"]
[TimeControl "180+1"]
[EndTime "9:06:03 PDT"]
[Termination "baki83 won by resignation"]

1. e4 c5 2. Nf3 d6 3. c3 Nf6 4. Be2 g6 5. O-O Bg7 6. Re1 O-O 7. Bf1 e5 8. d4 cxd4 9. cxd4 Nc6 10. d5 Ne7 11. h3 Ne8 12. Nc3 f5 13. Ng5 f4 14.
Ne6 Bxe6 15. dxe6 Nc7 16. Bc4 Kh8 17. b3 a6 18. a4 Nc6 19. Ba3 Nd4 20. Ne2 Ncxe6 21.
Bxe6 Nxe6 22. Bxd6 Re8 23. Qd5 f3 24. gxf3 Qg5+ 25. Kf1 Rad8 26. Red1 Qh4 27. Ng1 Bf8 28. Bxe5+ Kg8 29. Qc4 Rc8 30. Bg3 Qh5 31. Qd5 Qh6 32. Kg2 Rc2 33. Qd7 Re7 34. Qd3 Rb2 35. Qc4 Bg7 36.
Rd6 Kf7 37. Rad1 g5 38. R1d5 Kf8 39. Rf5+ Kg8 40. Rd8+ Bf8 41. Rdxf8+ 1-0

[Event "Early-Titled-Tuesday-Blitz-August-29-2023"]
[Site "Chess.com"]
[Date "2023.08.29"]
[Round "6"]
[White "DeArron_Fox"]
[Black "sorch29"]
[Result "1-0"]
[WhiteElo "2499"]
[BlackElo "2364"]
[TimeControl "180+1"]
[EndTime "9:06:04 PDT"]
[Termination "DeArron_Fox won by resignation"]

1. d4 Nf6 2. c4 g6 3. Nc3 Bg7 4. e4 d6 5. f3 O-O 6. Be3 c5 7.
Nge2 Nc6 8. d5 Ne5 9. Ng3 e6 10. Be2 exd5 11. cxd5 h5 12. O-O a6 13. a4 Re8 14. h3 Qb6 15. Qc2 Qb4 16. a5 Nc4 17. Bxc4 Qxc4 18. Ra4 Qxa4 19. Qxa4 Bd7 20. Qc2 Bb5 21. Nxb5 axb5 22. Bd2 b4 23. Qa4 Ra7 24.
Qb5 Rea8 25. Ra1 Ne8 26. Ra2 Bf6 27. Nf1 Kf8 28. Bh6+ Kg8 29. Nd2 Nc7 30. Qb6 Bd8 31. Qxd6 Nb5 32. Qxc5 Rxa5 33. Qf8+ 1-0

[Event "Early-Titled-Tuesday-Blitz-August-29-2023"]
[Site "Chess.com"]
[Date "2023.08.29"]
[Round "6"]
[White "temiksmozg"]
[Black "stasOR4ik"]
[Result "1-0"]
[WhiteElo "2649"]
[BlackElo "2486"]
[TimeControl "180+1"]
[EndTime "9:06:05 PDT"]
[Termination "temiksmozg won by resignation"]

1. e4 c6 2. Ne2 d5 3. e5 f6 4.
exf6 Nxf6 5. d4 Bg4 6. f3 Bh5 7. Bf4 Nbd7 8. c3 Bg6 9. Qb3 Qb6 10. Nd2 O-O-O 11. Qxb6 axb6 12. Nc1 Re8 13. Bd3 e5 14. dxe5 Nxe5 15. Bxe5 Rxe5+ 16. Kd1 Rg5 17. g3 h5 18.
f4 Rg4 19. Be2 Ne4 20. Rf1 Bc5 21. Nd3 Be3 22. Nxe4 Bxe4 23. Ne5 Kc7 24. Bxg4 Bg2 25. Be2 Bxf1 26. Bxf1 h4 27. g4 Bxf4 28. Ng6 Rh6 29. Nxf4 Rf6 30. Nxd5+ cxd5 31. Ke2 Kd6 32. Bg2 Rf4 33. Bf3 d4 34. Rd1 Ke5 35. Rxd4 Rxd4 36. cxd4+ Kxd4 37. Bxb7 g5 38. h3 b5 39. Bc6 Kc4 40.
Ke3 b4 41. Ba4 1-0